 Dungeon Crawl Stone Soup version 0.18-a0-990-g74cdb39 (webtiles) character file.

17 M4edhros the Charlatan (level 2, -6/18 HPs)
             Began as an Octopode Artificer on Jan 4, 2016.
             Killed themself with a badly aimed fireball (15 damage)
             ... on level 2 of the Dungeon.
             The game lasted 00:00:53 (732 turns).

M4edhros the Charlatan (Octopode Artificer)          Turns: 732, Time: 00:00:53

Health: -6/18      AC:  1    Str: 10    XL:     2   Next: 62%
Magic:  4/4        EV:  7    Int: 14    God:
Gold:   30         SH:  0    Dex: 12    Spells: 0 memorised, 1 level left

rFire  . . .     SeeInvis .     a - +0 short sword
rCold  . . .     Gourm    .     (no shield)
rNeg   . . .     Faith    .     (helmet restricted)
rPois  .         Spirit   .     (no amulet)
rElec  .         Dismiss  .     k - -5 ring of evasion (curse)
rCorr  .         Reflect  .     (no ring)
SustAt .         Harm     .     (no ring)
MR     .....                    (no ring)
Stlth  +++.......               (no ring)
                                (no ring)
                                (no ring)
                                (no ring)

@: not resistant to hostile enchantments, fairly stealthy
A: almost no armour, amphibious, 8 rings, constrict 8, camouflage 1, gelatinous
body 1
a: no special abilities


You were on level 2 of the Dungeon.
You were not hungry.

You visited 1 branch of the dungeon, and saw 2 of its levels.

You collected 30 gold pieces.

Inventory:

Hand Weapons
 a - a +0 short sword (weapon)
Missiles
 e - 26 stones (quivered)
Jewellery
 k - a cursed -5 ring of evasion (left tentacle)
Wands
 b - a wand of flame (46/48)
 c - a wand of enslavement (15/24)
 d - a wand of random effects (15/48)
Scrolls
 g - a scroll of identify
 h - a scroll of amnesia {unknown}
 l - a scroll of teleportation
Comestibles
 f - 2 bread rations
 i - a fruit


   Skills:
 - Level 1.0 Fighting
 - Level 1.0 Short Blades
 * Level 2.4 Dodging
 * Level 2.7 Stealth
 + Level 3.4 Evocations


You had one spell level left.
You didn't know any spells.

Dungeon Overview and Level Annotations

Branches:
Dungeon (2/15)

Altars:
Qazlal

Annotations:
D:2 Terence


Innate Abilities, Weirdness & Mutations

You cannot wear most types of armour.
You are amphibious.
You can wear up to eight rings at the same time.
You can use your tentacles to constrict eight enemies at once.
Your skin changes colour to match your surroundings (Stealth).
Your rubbery body absorbs attacks (AC +1).


Message History

You hit Terence but do no damage. You grab Terence. You constrict Terence.
Terence hits you with a short sword!
Ouch! That really hurt!
There are monsters nearby!
You hit Terence but do no damage.
Terence is lightly wounded.
You constrict Terence, but do no damage.
Terence hits you with a short sword.
You release your grip on Terence.
Terence screams, "I'm going to kill you!"
Terence looks scornfully at you.
Evoke which item? (* to show all) (? for menu, Esc to quit)
Zapping:
d - a wand of random effects (15/48)
Press: ? - help, Shift-Dir - straight line, f - hobgoblin
Aim: a hobgoblin, wielding a club The fireball explodes!
The fireball engulfs Terence.
Terence is heavily wounded.
The fireball engulfs you!
Ouch! That really hurt!
You die...

#####.####.####...
#.............
#.###....####.
#.............
#########.########
........#........
###############.#.#########
#........<...#..#.g........
##.........@@#.###.########
#.......).....g....#
#............#.#########
#.........<..#..........
#............##########.
######.##....... #########
#.##....### ........#
#.##....# ..#####.#
#.##....#


You could see Terence and a hobgoblin.

Vanquished Creatures
  2 giant geckos
  A giant cockroach (D:2)
  3 goblins (D:1)
  A hobgoblin (D:1)
  2 kobolds (D:1)
  A bat (D:1)
  6 rats
16 creatures vanquished.

Vanquished Creatures (others)
  A minotaur (D:1)
  2 octopodes (D:1)
  3 gargoyles (D:1)
  A vine stalker (D:1)
  An elf (D:1)
  A formicid (D:1)
  A vampire (D:1)
  A naga (D:1)
  2 ogres (D:1)
  A centaur (D:1)
  A kobold (D:1)
  8 tentacles (D:1)
  24 tentacle segments (D:1)
47 creatures vanquished.

Grand Total: 63 creatures vanquished

Notes
Turn   | Place    | Note
--------------------------------------------------------------
     0 | D:1      | M4edhros the Octopode Artificer began the quest for the Orb.
     0 | D:1      | Reached XP level 1. HP: 13/13 MP: 3/3
     2 | D:1      | Noticed an ogre
     2 | D:1      | Noticed a formicid
     2 | D:1      | Noticed a naga
     2 | D:1      | Noticed a gargoyle
     2 | D:1      | Noticed an ogre
     2 | D:1      | Noticed an octopode
     2 | D:1      | Noticed a kraken
     2 | D:1      | Noticed an octopode
     2 | D:1      | Noticed a minotaur
     2 | D:1      | Noticed an elf
     2 | D:1      | Noticed a gargoyle
     2 | D:1      | Noticed a vine stalker
     2 | D:1      | Noticed a vampire
     2 | D:1      | Noticed a centaur
     2 | D:1      | Noticed a gargoyle
     3 | D:1      | Killed an octopode
     4 | D:1      | Killed a gargoyle
     8 | D:1      | Killed a minotaur
     8 | D:1      | Killed an ogre
     9 | D:1      | Killed a gargoyle
     9 | D:1      | Killed a gargoyle
     9 | D:1      | Killed an octopode
    10 | D:1      | Killed a vine stalker
    10 | D:1      | Killed a centaur
    11 | D:1      | Killed a formicid
    17 | D:1      | Killed an elf
    17 | D:1      | Killed a vampire
    20 | D:1      | Killed a naga
    21 | D:1      | Killed an ogre
   235 | D:1      | Reached XP level 2. HP: 8/18 MP: 4/4
   690 | D:2      | Found a stormy altar of Qazlal.
   700 | D:2      | Noticed Terence
   732 | D:2      | Killed themself with a badly aimed fireball

Vault maps used:
D:1:      nicolae_arrival_kraken_aquarium_b, minmay_stone_trees_medium
D:2:      old_standard_altar, first_bread, hangedman_decor_push, uniq_terence,
          uniq_robin

Action                   || total
-------------------------++-------
Melee: Short sword       ||    29
  Use: Scroll            ||     2
       Potion            ||     1
 Stab: Sleeping          ||     5
